 Dungeon Crawl Stone Soup version 0.30-a0-310-g7d6cbdfea6 (webtiles) character file.

Game seed: 15574613552105130357

122 LnG the Sneak (level 5, 0/28 HPs)
             Began as a Kobold Summoner on Oct 24, 2022.
             Slain by an adder (1 damage)
             ... on level 3 of the Dungeon.
             The game lasted 00:07:25 (2261 turns).

LnG the Sneak (Kobold Summoner)                     Turns: 2261, Time: 00:07:25

Health: 0/28       AC:  2    Str:  4 (5)  XL:     5   Next: 27%
Magic:  5/8        EV: 14    Int: 17 (19) God:
Gold:   43         SH:  0    Dex: 13 (15) Spells: 3/9 levels left

rFire   . . .      SeeInvis .    n - +3 dagger (venom)
rCold   . . .      Faith    .    (no shield)
rNeg    . . .      Spirit   .    a - +0 robe
rPois   .          Reflect  .    (no helmet)
rElec   .          Harm     .    (no cloak)
rCorr   .          Rampage  .    (no gloves)
Will    .....                    (no boots)
Stlth   ++++......               (no amulet)
HPRegen 0.24/turn                (no ring)
MPRegen 0.11/turn                (no ring)

@: brilliant, lethally poisoned (0 -> -4)
A: small, no large weapons, nightstalker 3
a: no special abilities


You were on level 3 of the Dungeon.
You visited 1 branch of the dungeon, and saw 3 of its levels.

You collected 115 gold pieces.
You spent 72 gold pieces at shops.

Inventory:

Hand Weapons
 n - a +3 dagger of venom (weapon)
 q - a +2 dagger of holy wrath
Armour
 a - a +0 robe (worn)
 p - an orb of energy
Scrolls
 d - a scroll of blinking
 f - a scroll of magic mapping
 h - 2 scrolls of enchant armour
 j - 2 scrolls of amnesia {unknown}
 m - a scroll of fear
 s - a scroll of immolation {unknown}
Potions
 b - a potion of magic
 c - 2 potions of invisibility
 g - a potion of ambrosia {unknown}
 i - a potion of curing {unknown}
 k - 2 potions of brilliance
 l - 2 potions of mutation {unknown}
 o - a potion of heal wounds {unknown}
 r - a potion of berserk rage {unknown}


   Skills:
 + Level 0.8 Fighting
 + Level 2.1 Short Blades
 + Level 2.5 Dodging
 * Level 5.1 Stealth
 + Level 2.6 Spellcasting
 + Level 4.5 Summonings


You had 3 spell levels left.
You knew the following spells:

 Your Spells              Type           Power      Damage    Failure   Level
a - Summon Small Mammal   Summ           100%       N/A       2%          1
b - Call Imp              Summ           26%        N/A       4%          2
c - Call Canine Familiar  Summ           26%        N/A       9%          3

Your spell library contained the following spells:

 Spells                   Type           Power      Damage    Failure   Level
 Freeze                   Ice            12%        1d3       19%         1
 Summon Guardian Golem    Hex/Summ       15%        N/A       22%         3
 Frozen Ramparts          Ice            6%         1d1       50%         3
 Hailstorm                Conj/Ice       3%         3d3       50%         3
 Summon Lightning Spire   Summ/Air       15%        N/A       56%         4


Dungeon Overview and Level Annotations

Branches:
Dungeon (3/15)

Altars:

Shops:
D:2 ?*[[


Innate Abilities, Weirdness & Mutations

You are small and have problems with some larger weapons.
You are completely attuned to the shadows.


Message History

The adder bites you. x2
You are poisoned.
The adder poisons you!
You barely miss the adder.
You feel sick. The adder misses you.
You closely miss the adder.
You feel sick. The adder bites you. The ball python closely misses you.
The ball python barely misses you.
You hit the adder.
The adder is poisoned.
The adder is lightly wounded.
You feel sick. The adder closely misses you. The ball python bites you.
The ball python closely misses you.
You closely miss the adder.
The adder is moderately wounded.
You feel sick. The adder bites you. The ball python bites you.
The ball python misses you. The adder bites you.
You are more poisoned.
The adder poisons you!
Casting: Call Canine Familiar (quite dangerous; 8% risk of failure)
Confirm with . or Enter, or press ? or * to list all spells.
The spell is quite dangerous to miscast (8% risk of failure)!
Continue anyway?
You feel sick. The adder bites you.
* * * LOW HITPOINT WARNING * * *
You are lethally poisoned!
The adder poisons you! The ball python misses you.
The ball python completely misses you.
* * * LOW HITPOINT WARNING * * *
You feel very sick. The ball python closely misses you.
The ball python grabs you. The ball python constricts you.
It was a potion of brilliance.
You feel clever all of a sudden.
* * * LOW HITPOINT WARNING * * *
You feel sick.
Your hound bites the ball python.
The ball python dies!
The adder barely misses you.
It was a potion of degeneration.
There was something very wrong with that liquid.
You feel weakened.
You feel dopey.
You feel clumsy.
* * * LOW HITPOINT WARNING * * *
You feel sick. The adder bites you.
You die...

#...#...##
.........##
..........#
..........###
........)..<#
............#
#........##.#
##..#.#...##.#
....#@..####.#
##.Sh.##
##.#..# #.##.#
### ..


You could see an adder (poisoned, ally target) and a friendly hound (summoned).

Vanquished Creatures
  A howler monkey zombie (D:2)
  2 adders (D:2)
  2 adder skeletons (D:2)
  A dart slug (D:1)
  A worm (D:2)
  5 bats
  A bat skeleton (D:2)
  5 endoplasms
  4 giant cockroaches
  3 goblins
  A hobgoblin (D:2)
  A jackal (D:2)
  2 quokkas (D:2)
  3 ball pythons (D:2)
  A ball python skeleton (D:2)
  3 frilled lizards
  6 kobolds
  A quokka zombie (D:2)
  A rat (D:1)
44 creatures vanquished.

Vanquished Creatures (collateral kills)
  An adder (D:2)
  A worm (D:2)
  A dart slug (D:1)
  An endoplasm (D:2)
  A giant cockroach (D:1)
  3 goblins
  3 jackals (D:2)
  2 kobolds
  2 quokkas
  4 ball pythons
  2 bats (D:1)
  A frilled lizard (D:1)
  2 rats (D:1)
24 creatures vanquished.

Vanquished Creatures (others)
  7 withered plants (D:2)
7 creatures vanquished.

Grand Total: 75 creatures vanquished

Notes
Turn   | Place    | Note
-------+----------+-------------------------------------------
     0 | D:1      | LnG the Kobold Summoner began the quest for the Orb.
     0 | D:1      | Reached XP level 1. HP: 10/10 MP: 3/3
   213 | D:1      | Reached skill level 3 in Stealth
   230 | D:1      | Reached XP level 2. HP: 12/15 MP: 1/5
   559 | D:1      | Reached XP level 3. HP: 12/19 MP: 2/6
   566 | D:1      | Learned a level 2 spell: Call Imp
   570 | D:1      | Learned a level 3 spell: Call Canine Familiar
   637 | D:1      | Reached skill level 1 in Short Blades
   840 | D:2      | Found Hyfitwa's Armour Shop.
   910 | D:2      | Found Uwiwk's Armour Shoppe.
  1061 | D:2      | Reached XP level 4. HP: 10/24 MP: 7/7
  1191 | D:2      | Found Ryec's Magic Scroll Shoppe.
  1196 | D:2      | Bought a scroll of identify for 24 gold pieces
  1196 | D:2      | Bought a scroll of identify for 24 gold pieces
  1196 | D:2      | Bought a scroll of identify for 24 gold pieces
  1255 | D:2      | Reached skill level 4 in Stealth
  1402 | D:2      | Found Vuosch's Assorted Antiques.
  1728 | D:2      | Reached XP level 5. HP: 20/28 MP: 8/8
  1735 | D:2      | Reached skill level 5 in Stealth
  2261 | D:3      | HP: 1/28 [poisoned by an adder]
  2261 | D:3      | Slain by an adder

Illustrated notes

Levels and vault maps discovered:
D:1:      erik_arrival_triangle_small, layout_basic, item_on_display_a
D:2:      minmay_alternating_diamond, layout_basic, serial_undead,
          serial_undead_c, serial_undead_c, serial_undead_b, serial_undead_c,
          serial_undead_f, serial_undead_c, serial_undead_e, serial_undead_f,
          serial_undead_a, serial_undead_c, serial_shops,
          nicolae_shop_advertising_works [nicolae_subvault_shop_adworks],
          nicolae_shop_hallway_plus, nicolae_shop_stone, nicolae_diamond_shop,
          minmay_pentomino_pile
D:3:      layout_rooms, grunt_ministairs_11, grunt_decor_clamped,
          nicolae_underground_beach, uniq_pargi, uniq_grinder, uniq_natasha,
          uniq_terence

Skill      XL: |  1  2  3  4  5 |
---------------+----------------+-----
Stealth        | 3 4 5 |  5.1
Short Blades   | 1 2 |  2.1
Fighting       | |  0.8
Dodging        | |  2.5
Spellcasting   | |  2.6
Summonings     | |  4.5

Action                   |  1- 3 |  4- 6 || total
-------------------------+-------+-------++-------
Melee: Dagger            |    53 |    76 ||   129
       Unarmed           |     5 |       ||     5
       Punch             |     1 |     1 ||     2
 Cast: Summon Small Mamm |    14 |       ||    14
       Call Canine Famil |     1 |     3 ||     4
  Use: Scroll            |     1 |     6 ||     7
       Potion            |       |     2 ||     2
 Stab: Sleeping          |    12 |    16 ||    28
Armor: Robe              |    13 |     1 ||    14
Dodge: Dodged            |    40 |    55 ||    95

Table legend: (Time is in decaauts)
 A = Elapsed time spent in this place.
 B = Non-inter-level travel time spent in this place.
 C = Inter-level travel time spent in this place.
 D = Time resting spent in this place.
 E = Time spent auto-exploring this place.
 F = Levels seen in this place.
 G = Mean time per level.
                   A        B        C        D        E       F      G
               +--------+--------+--------+--------+--------+-----+--------+
         Total |   2253 |   2201 |     52 |     32 |   1693 |   3 |  751.0 |
       Dungeon |   2253 |   2201 |     52 |     32 |   1693 |   3 |  751.0 |
               +--------+--------+--------+--------+--------+-----+--------+

Top non-repeatable levels by time:
     D:2: 1393 daAuts
     D:1: 838 daAuts
     D:3: 21 daAuts
